 Dungeon Crawl Stone Soup version 0.27.1-3-gb3d3a73c9e (webtiles) character file.

Game seed: 989687471693514435

67664 pkoi the Fencer (level 14, -2/124 HPs)
             Began as a Minotaur Gladiator on Oct 17, 2021.
             Was the Champion of Okawaru.
             Shot with an arrow by a centaur warrior (10 damage)
             ... on level 14 of the Dungeon on Oct 18, 2021.
             The game lasted 00:27:11 (22699 turns).

pkoi the Fencer (Minotaur Gladiator)               Turns: 22699, Time: 00:27:12

Health: -2/124     AC: 34    Str: 28    XL:     14   Next: 83%
Magic:  19/19      EV:  8    Int: 13    God:    Okawaru [******]
Gold:   1748       SH:  5    Dex:  7    Spells: 13/13 levels left

rFire    + . .     SeeInvis .   a - +1 long sword (flame)
rCold    + + .     Faith    .   (no shield)
rNeg     + . .     Spirit   .   n - +0 crystal plate armour of the Lion {rC+ rN+}
rPois    .         Reflect  +   c - +1 hat
rElec    +         Harm     .   p - +0 cloak of Yfoc {Fly rElec rF+ Int+4}
rCorr    .         Rampage  .   A - +2 pair of gloves {Str+3}
Will     +....                  h - +0 pair of boots
Stlth    ..........             t - amulet of reflection
HPRegen  0.30/turn              Z - +4 ring of protection
MPRegen  0.16/turn              X - ring of the Dragon {Fly rElec rC+ Int+4 Dex-4}

@: flying
A: horns 2, retaliatory headbutt
a: Renounce Religion, Heroism, Finesse


You were on level 14 of the Dungeon.
You worshipped Okawaru.
Okawaru was exalted by your worship.
You visited 3 branches of the dungeon, and saw 21 of its levels.
You also visited: Sewer.

You collected 1748 gold pieces.

Inventory:

Hand Weapons
 a - a +1 long sword of flaming (weapon)
 q - a +2 double sword of electrocution
 T - the +2 great sword of the Undead {spect, Str+5}
   (Okawaru gifted it to you on level 1 of the Lair of Beasts)

   When its wielder attacks, the weapon's spirit leaps out and strikes again.
   The spirit shares a part of any damage it takes with its wielder.
   Str:       It affects your strength (+5).
Missiles
 d - 3 throwing nets
 f - 72 poisoned darts
 o - 16 boomerangs (quivered)
 z - 6 curare-tipped darts
 C - 20 javelins
Armour
 c - a +1 hat (worn)
 h - a +0 pair of boots (worn)
 n - the +0 crystal plate armour of the Lion (worn) {rC+ rN+}
   (Okawaru gifted it to you on level 3 of the Lair of Beasts)

   rC:        It protects you from cold.
   rN:        It protects you from negative energy.
 p - the +0 cloak of Yfoc (worn) {Fly rElec rF+ Int+4}
   (You acquired it on level 3 of the Lair of Beasts)

   Int:       It affects your intelligence (+4).
   rF:        It protects you from fire.
   rElec:     It insulates you from electricity.
   Fly:       It grants you flight.
 A - a +2 pair of gloves of strength (worn)
Jewellery
 t - an amulet of reflection (around neck)
 K - an amulet of regeneration
 X - the ring of the Dragon (right hand) {Fly rElec rC+ Int+4 Dex-4}
   (You found it on level 2 of the Lair of Beasts)

   [ring of flight]

   Int:       It affects your intelligence (+4).
   Dex:       It affects your dexterity (-4).
   rC:        It protects you from cold.
   rElec:     It insulates you from electricity.
   Fly:       It grants you flight.
 Z - a +4 ring of protection (left hand)
Wands
 b - a wand of acid (9)
 r - a wand of iceblast (47)
 y - a wand of paralysis (13)
 E - a wand of flame (64)
 J - a wand of digging (4)
 P - a wand of mindburst (17)
Scrolls
 g - 5 scrolls of identify
 j - 8 scrolls of teleportation
 v - 2 scrolls of magic mapping
 w - 4 scrolls of enchant armour
 B - 2 scrolls of immolation
 G - 2 scrolls of brand weapon
 H - 4 scrolls of fog
 I - a scroll of fear
 S - 4 scrolls of amnesia
 U - a scroll of blinking
 V - 2 scrolls of enchant weapon
Potions
 e - 4 potions of cancellation
 i - 5 potions of haste
 k - 6 potions of invisibility
 l - 8 potions of curing
 m - 6 potions of flight
 s - 2 potions of resistance
 u - a potion of berserk rage
 x - 3 potions of attraction
 D - 2 potions of might
 F - 9 potions of heal wounds
 L - 2 potions of ambrosia
 M - 5 potions of brilliance
 N - 2 potions of lignification


   Skills:
 + Level 11.1 Fighting
 * Level 19.6 Long Blades
 + Level 5.1 Throwing
 + Level 14.1 Armour
 - Level 9.9 Dodging
 + Level 9.0 Invocations


You had 13 spell levels left.
You didn't know any spells.
Your spell library contained the following spells:

 Spells                   Type           Power      Damage    Failure   Level
 Apportation              Tloc           0%         N/A       99%         1
 Magic Dart               Conj           0%         1d3       99%         1
 Blink                    Tloc           N/A        N/A       100%        2
 Searing Ray              Conj           0%         3d3       100%        2
 Confusing Touch          Hex            0%         N/A       100%        3
 Dazzling Flash           Conj/Hex       0%         N/A       100%        3
 Frozen Ramparts          Ice            0%         1d2       100%        3
 Inner Flame              Hex/Fire       0%         N/A       100%        3
 Lesser Beckoning         Tloc           0%         N/A       100%        3
 Stone Arrow              Conj/Erth      0%         3d7       100%        3
 Animate Dead             Necr           0%         N/A       100%        4
 Cause Fear               Hex            0%         N/A       100%        4
 Fulminant Prism          Conj/Hex       0%         3d6       100%        4
 Hailstorm                Conj/Ice       0%         3d3       100%        4
 Ice Form                 Ice/Tmut       0%         N/A       100%        4
 Iskenderun's Mystic Bla  Conj/Tloc      0%         2d3       100%        4
 Petrify                  Tmut/Erth      0%         N/A       100%        4
 Sticky Flame             Conj/Fire      0%         2d3       100%        4
 Summon Ice Beast         Ice/Summ       0%         N/A       100%        4
 Alistair's Intoxication  Tmut/Pois      0%         N/A       100%        5
 Bolt of Magma            Conj/Fire/Erth 0%         4d4       100%        5
 Borgnjor's Vile Clutch   Necr/Erth      0%         N/A       100%        5
 Lee's Rapid Deconstruct  Erth           0%         3d5*      100%        5
 Manifold Assault         Tloc           0%         N/A       100%        5
 Metabolic Englaciation   Hex/Ice        0%         N/A       100%        5
 Death Channel            Necr           0%         N/A       100%        6
 Invisibility             Hex            0%         N/A       100%        6
 Simulacrum               Ice/Necr       0%         N/A       100%        6
 Statue Form              Tmut/Erth      0%         N/A       100%        6
 Dragon Form              Tmut           0%         N/A       100%        7
 Haunt                    Necr/Summ      0%         N/A       100%        7
 Spellforged Servitor     Conj/Summ      0%         N/A       100%        7
 Storm Form               Tmut/Air       0%         N/A       100%        7
 Infestation              Necr           0%         N/A       100%        8
 Dragon's Call            Summ           0%         N/A       100%        9
 Fire Storm               Conj/Fire      0%         5d1       100%        9
 Shatter                  Erth           0%         3d5*      100%        9


Dungeon Overview and Level Annotations

Branches:
Dungeon (14/15)            Temple (1/1) D:7            Lair (6/6) D:10
 Shoals (0/4) Lair:2       Spider (0/4) Lair:2        Slime (0/5) Lair:5
    Orc (0/2) D:11         Vaults (0/5) D:14          Sewer (visited)

Altars:
Ashenzari
Cheibriados
Dithmenos
Elyvilon
Fedhas
Gozag
Hepliaklqana
Kikubaaqudgha
Makhleb
Nemelex Xobeh
Okawaru
Qazlal
Ru
Sif Muna
Trog
Uskayaw
Vehumet
Wu Jian
Xom
Yredelemnul
Zin
The Shining One

Shops:
D:4 *   D:11 (

Annotations:
D:10 2 transporters, Urokeeper's ghost, novice SpHu
Lair:5 exclusion: 3 oklob plants


Innate Abilities, Weirdness & Mutations

You have a pair of horns on your head.
You reflexively headbutt those who attack you in melee.


Message History

The five-headed hydra bites you but does no damage.
Unknown command.
You hack one of the five-headed hydra's heads off!
The flame cauterises the wound!
You slash the four-headed hydra! You burn the four-headed hydra.
The four-headed hydra is almost dead.
You block the vault guard's attack. The vault guard closely misses you.
Unknown command.
You slice one of the four-headed hydra's heads off!
The flame cauterises the wound!
You hit the three-headed hydra. You burn the three-headed hydra.
The three-headed hydra is almost dead.
The three-headed hydra bites you but does no damage. x2
The three-headed hydra bites you!
* * * LOW HITPOINT WARNING * * *
Unknown command.
You lop one of the three-headed hydra's heads off!
The flame cauterises the wound!
You slice the two-headed hydra!! You burn the two-headed hydra.
You kill the two-headed hydra!
Okawaru accepts your kill.
The vault guard hits you but does no damage.
Unknown command.
The centaur warrior shoots an arrow.
The arrow barely misses you.
You see here a +0 leather armour.
The centaur warrior shoots an arrow.
The arrow hits you.
* * * LOW HITPOINT WARNING * * *
The centaur warrior shoots an arrow.
The arrow hits you!
* * * LOW HITPOINT WARNING * * *
The deep elf pyromancer mumbles some strange words.
The centaur warrior shoots an arrow.
The arrow hits you but does no damage.
The centaur warrior shoots an arrow.
The arrow hits you!
* * * LOW HITPOINT WARNING * * *
Found a stone staircase leading up.
Unknown command.
The centaur warrior shoots an arrow.
The arrow barely misses you.
The centaur warrior shoots an arrow.
The arrow hits you!
* * * LOW HITPOINT WARNING * * *
The centaur warrior shoots an arrow.
The arrow hits you!
You die...

#.°.e..♣♣ ♣♣♣.♣♣♣ #°○.....♣♣
♣♣.....♣♣
####○E.C....♣♣♣.......♣♣
+###...☼..≈≈≈...♣...≈≈≈...♣
.......Ecy≈≈≈≈.....≈≈≈≈≈...
....#+...≈≈♣≈≈.....≈≈_≈≈...
###+#...p≈≈≈≈≈.....≈≈≈≈≈...
...... ..<......≈≈≈...♣...≈≈≈...♣
......#.........@....♣♣♣.......♣♣
......#.............♣♣ ♣♣.....♣♣
......+.........#.#♣♣ ♣♣♣.♣♣♣
.....#...#######.# ♣♣♣
#..#####.......# #..............#
#....#####'#...+ #....#.....#...#
#....#.....#...#


You could see a vault guard, a centaur warrior, a cyclops, 2 fire elementals and
a meliai.

Vanquished Creatures
  A dire elephant (Lair:6)
  2 fire dragons
  The ghost of Awny the Thaumaturge, a journeyman DjAE of Nemelex Xobeh (Lair:6)
  11 hydras
  2 catoblepae (Lair:6)
  2 vault guards (D:14)
  A boulder beetle (D:14)
  2 centaur warriors (D:13)
  4 two-headed ogres
  6 death yaks
  A tengu warrior (D:11)
  Urug (Lair:3)
  A swamp dragon (Lair:6)
  A lindwurm (Lair:6)
  9 ugly things
  A cyclops (D:13)
  A moth of wrath (Lair:4)
  5 centaur zombies
  3 manticores (D:13)
  13 elephants
  8 black mambas
  21 cane toads
  4 orange demons (D:13)
  2 gargoyles
  2 rime drakes (Lair:6)
  2 kobold demonologists (D:12)
  8 komodo dragons
  A jumping spider (shapeshifter) (D:12)
  7 trolls
  2 polar bears
  A tyrant leech (Lair:4)
  A hornet (D:11)
  6 slime creatures (D:13)
  2 dream sheep (Lair:6)
  14 blink frogs
  2 wyverns
  22 yaks
  4 wraiths
  A yak (shapeshifter) (D:14)
  3 steam dragons
  6 basilisks
  A vampire mosquito (D:14)
  2 swamp worms (Lair:4)
  3 acid dragons (Lair:6)
  13 water moccasins
  2 swamp drakes (Lair:6)
  2 sky beasts (D:6)
  2 black bears
  A necrophage (D:4)
  A phantom (D:7)
  22 wolves
  4 centaurs
  8 bullfrogs
  5 kobold brigands
  11 scorpions
  A wyvern zombie (D:7)
  A water moccasin skeleton (D:4)
  6 howler monkeys
  A lava snake (Lair:2)
  A jelly (D:4)
  4 orc priests
  Crazy Yiuf (D:3)
  4 hounds
  A centaur skeleton (D:6)
  3 gnoll shamans
  6 iguanas
  Terence (D:3)
  Ijyb (D:3)
  12 orc wizards
  A killer bee zombie (D:6)
  A howler monkey zombie (D:9)
  15 adders
  14 gnolls
  A howler monkey skeleton (D:7)
  A river rat (Sewer)
  A shadow imp (D:6)
  An ufetubus (D:7)
  An adder zombie (D:4)
  A worm (Sewer)
  35 orcs
  4 bats
  12 endoplasms
  5 giant cockroaches
  10 goblins
  7 hobgoblins
  4 jackals (D:1)
  6 quokkas
  19 ball pythons
  3 frilled lizards
  15 kobolds
  11 rats
475 creatures vanquished.

Vanquished Creatures (others)
  A fire vortex (Lair:2)
  30 fungi
  45 plants
76 creatures vanquished.

Grand Total: 551 creatures vanquished

Notes
Turn   | Place    | Note
-------+----------+-------------------------------------------
     0 | D:1      | pkoi the Minotaur Gladiator began the quest for the Orb.
     0 | D:1      | Reached XP level 1. HP: 18/18 MP: 0/0
    61 | D:1      | Reached skill level 4 in Long Blades
   166 | D:1      | Reached XP level 2. HP: 25/25 MP: 1/1
   401 | D:1      | Got the Tome of Scorching Transmigration
   536 | D:1      | Reached skill level 5 in Long Blades
   839 | D:1      | Reached XP level 3. HP: 30/30 MP: 2/2
  1157 | D:2      | Found a faded altar of an unknown god.
  1600 | D:3      | Reached XP level 4. HP: 36/37 MP: 3/3
  1708 | D:3      | Reached skill level 6 in Long Blades
  1766 | D:3      | Noticed Ijyb
  1776 | D:3      | Killed Ijyb
  1860 | D:3      | Found a runed translucent door.
  1861 | D:3      | Noticed Crazy Yiuf
  1908 | D:3      | Reached skill level 1 in Armour
  2040 | D:3      | Noticed Terence
  2047 | D:3      | Killed Terence
  2285 | D:3      | Reached XP level 5. HP: 45/45 MP: 4/4
  2615 | D:3      | Found an iron altar of Okawaru.
  2616 | D:3      | Found a bloodstained altar of Trog.
  2627 | D:3      | Became a worshipper of Warmaster Okawaru
  2780 | D:3      | Killed Crazy Yiuf
  2853 | D:4      | Reached skill level 7 in Long Blades
  3070 | D:4      | Found Ochey's Assorted Antiques.
  3096 | D:4      | Reached XP level 6. HP: 38/52 MP: 5/5
  3405 | D:4      | Reached * piety under Okawaru
  3511 | D:4      | Reached XP level 7. HP: 56/60 MP: 6/6
  3607 | D:4      | Found an opulent altar of Gozag.
  3662 | D:4      | Reached skill level 8 in Long Blades
  4292 | D:4      | Found a white marble altar of Elyvilon.
  4292 | D:4      | Found a sacrificial altar of Ru.
  4292 | D:4      | Found a burning altar of Makhleb.
  4576 | D:5      | Entered Level 5 of the Dungeon
  4587 | D:5      | Reached skill level 5 in Fighting
  4795 | D:5      | Found a glowing drain.
  4800 | Sewer    | Entered a sewer
  4840 | Sewer    | Reached skill level 9 in Long Blades
  5002 | Sewer    | Reached ** piety under Okawaru
  5044 | Sewer    | Reached XP level 8. HP: 68/69 MP: 7/7
  5475 | D:5      | Found an ancient bone altar of Kikubaaqudgha.
  5540 | D:6      | Reached skill level 5 in Armour
  5705 | D:6      | Found a basalt altar of Yredelemnul.
  5707 | D:6      | Noticed a profane servitor
  5940 | D:6      | Reached skill level 10 in Long Blades
  6477 | D:6      | Found a glowing golden altar of the Shining One.
  6480 | D:6      | Noticed an angel
  6741 | D:7      | Found a shimmering blue altar of Sif Muna.
  7080 | D:7      | Found an ornate altar of the Wu Jian Council.
  7084 | D:7      | Reached *** piety under Okawaru
  7123 | D:7      | Reached skill level 11 in Long Blades
  7123 | D:7      | Reached XP level 9. HP: 75/79 MP: 8/8
  7325 | D:7      | Found a staircase to the Ecumenical Temple.
  7340 | Temple   | Entered the Ecumenical Temple
  7770 | D:8      | Found a hide-covered altar of Uskayaw.
  7806 | D:8      | Noticed a troll
  7817 | D:8      | Killed a troll
  8231 | D:8      | Reached skill level 12 in Long Blades
  8320 | D:8      | Found a shadowy altar of Dithmenos.
  9466 | D:9      | Noticed a troll
  9474 | D:9      | Killed a troll
  9627 | D:9      | Reached **** piety under Okawaru
  9669 | D:9      | Noticed a two-headed ogre
  9725 | D:9      | Killed a two-headed ogre
  9725 | D:9      | Reached ***** piety under Okawaru
  9726 | D:9      | Reached XP level 10. HP: 64/90 MP: 6/9
 10104 | D:10     | Entered Level 10 of the Dungeon
 10114 | D:10     | Reached skill level 13 in Long Blades
 10130 | D:10     | Found a staircase to the Lair.
 10237 | D:10     | Noticed a two-headed ogre
 10247 | D:10     | Killed a two-headed ogre
 10490 | D:10     | Found a transporter.
 10493 | D:10     | Noticed a deep elf pyromancer
 10493 | D:10     | Noticed Urokeeper's ghost (novice SpHu)
 10515 | D:10     | Found a transporter.
 10515 | D:10     | Noticed a cyclops
 10566 | D:10     | Reached skill level 14 in Long Blades
 10573 | D:10     | Reached skill level 10 in Fighting
 10981 | Lair:1   | Entered Level 1 of the Lair of Beasts
 10997 | Lair:1   | Noticed a black mamba
 11007 | Lair:1   | Killed a black mamba
 11093 | Lair:1   | Reached XP level 11. HP: 75/100 MP: 7/10
 11252 | Lair:1   | Identified a scroll of acquirement
 11252 | Lair:1   | Acquired a +1 vorpal great sword
 11386 | Lair:1   | Reached skill level 10 in Armour
 11404 | Lair:1   | Reached ****** piety under Okawaru
 11715 | Lair:1   | Noticed an eight-headed hydra
 11725 | Lair:1   | Killed a five-headed hydra
 11726 | Lair:1   | Reached skill level 15 in Long Blades
 11726 | Lair:1   | Reached skill level 1 in Invocations
 12051 | Lair:1   | Received a gift from Okawaru
 12575 | Lair:2   | Found a hole to the Spider Nest.
 12721 | Lair:2   | Reached skill level 5 in Dodging
 13129 | Lair:1   | Identified the +2 great sword of the Undead {spect, Str+5}
                  | (Okawaru gifted it to you on level 1 of the Lair of Beasts)
 13129 | Lair:1   | Received a gift from Okawaru
 13372 | Lair:2   | Found a staircase to the Shoals.
 13646 | Lair:2   | Reached XP level 12. HP: 94/107 MP: 13/13
 13841 | Lair:2   | Noticed a fire dragon
 13875 | Lair:2   | Killed a fire dragon
 13876 | Lair:2   | Reached skill level 16 in Long Blades
 14247 | Lair:2   | Identified the ring of the Dragon {Fly rElec rC+ Int+4
                  | Dex-4}
 14735 | Lair:3   | Noticed a five-headed hydra
 14752 | Lair:3   | Killed a three-headed hydra
 14752 | Lair:3   | Identified the +0 crystal plate armour of the Lion {rC+
                  | rN+} (Okawaru gifted it to you on level 3 of the Lair of
                  | Beasts)
 14752 | Lair:3   | Received a gift from Okawaru
 14771 | Lair:3   | Reached skill level 5 in Invocations
 14989 | Lair:3   | Noticed a six-headed hydra
 14997 | Lair:3   | Killed a two-headed hydra
 15012 | Lair:3   | Acquired the +0 cloak of Yfoc {Fly rElec rF+ Int+4}
 15095 | Lair:3   | Noticed a seven-headed hydra
 15100 | Lair:3   | Killed a five-headed hydra
 15185 | Lair:3   | Noticed Urug
 15203 | Lair:3   | Killed Urug
 15490 | Lair:4   | Reached skill level 17 in Long Blades
 15534 | Lair:4   | Noticed a death yak
 15536 | Lair:4   | Noticed a death yak
 15538 | Lair:4   | Noticed a death yak
 15542 | Lair:4   | Killed a death yak
 15552 | Lair:4   | Killed a death yak
 15557 | Lair:4   | Killed a death yak
 15558 | Lair:4   | Reached XP level 13. HP: 31/114 MP: 16/16
 16063 | Lair:4   | Received a gift from Okawaru
 16265 | Lair:4   | Found a snail-covered altar of Cheibriados.
 16900 | Lair:5   | Acquired a +2 vampiric triple sword
 17337 | Lair:5   | Found a staircase to the Slime Pits.
 17550 | Lair:6   | Entered Level 6 of the Lair of Beasts
 17683 | Lair:6   | Reached skill level 18 in Long Blades
 18068 | Lair:6   | Noticed a fire dragon
 18089 | Lair:6   | Killed a fire dragon
 18395 | Lair:6   | Got the Disquisition on Destructive Bewitchment
 18512 | Lair:6   | Identified the +0 scale mail of the Depths {*Slow rPois
                  | Will+ Dex+3} (Okawaru gifted it to you on level 6 of the
                  | Lair of Beasts)
 18512 | Lair:6   | Received a gift from Okawaru
 18660 | Lair:6   | Found a runed translucent door.
 18661 | Lair:6   | Noticed Awny's ghost (journeyman DjAE)
 18671 | Lair:6   | Found a white marble altar of Elyvilon.
 19284 | Lair:6   | Reached XP level 14. HP: 102/122 MP: 15/18
 19710 | Lair:6   | Killed Awny's ghost
 20066 | D:11     | Found a staircase to the Orcish Mines.
 20066 | D:11     | Found Tankania's Weapon Shop.
 20078 | D:11     | Reached skill level 19 in Long Blades
 20762 | D:12     | Received a gift from Okawaru
 21064 | D:12     | Found a radiant altar of Vehumet.
 21433 | D:13     | Received a gift from Okawaru
 21944 | D:13     | Found an opulent altar of Gozag.
 22375 | D:14     | Found a white marble altar of Elyvilon.
 22537 | D:14     | Reached skill level 5 in Throwing
 22653 | D:14     | Found a gate to the Vaults.
 22699 | D:14     | Shot with an arrow by a centaur warrior

Illustrated notes

Levels and vault maps discovered:
D:1:      minmay_arrival_solitary_statue, layout_loops_ring, minivault_26,
          st_stairs_11, minmay_box_of_dots
D:2:      layout_rooms, basic_ecumenical_altar
D:3:      layout_loops_ring, grunt_temple_overflow_bloody_war, uniq_ijyb,
          uniq_terence, uniq_crazy_yiuf_cottage
D:4:      minmay_octagon_keep, layout_layer_cave, grunt_gozag_breadcrumbs,
          gammafunk_temple_overflow_claw, serial_shops, shop,
          kennysheep_another_room, minmay_snake_closets
D:5:      layout_rooms, general_overflow_altar, portal_sewer_entry_e
D:6:      layout_basic, grunt_temple_overflow_holy_war, serial_rivers,
          chequers_serial_rivers_small_a, chequers_serial_rivers_micro_d,
          chequers_serial_rivers_large_a, chequers_serial_rivers_micro_b,
          chequers_serial_rivers_micro_c
D:7:      layout_gridville, mainiacjoe_overflow_catwalk, tgw_sif,
          minmay_temple_entry_overgrown
D:8:      layout_layer_cave, lemuel_coloured_pillars_altar,
          mainiacjoe_overflow_six_doors_small, minivault_21
D:9:      layout_basic
D:10:     layout_rooms, lair_entry_dummy, gammafunk_ghost_arena
D:11:     layout_loops_ring, orc_david_3
D:12:     layout_small_grid, nicolae_vehumet_altar_sigil
D:13:     layout_basic, kennysheep_flooded_box, einodemon_barbed_minivault
D:14:     layout_irregular_city, lightli_vaults_fourway_checkpoint,
          elyvilon_altar_3, lemuel_zombie_altar_yredelemnul
Temple:   dpeg_three_leaves_temple
Lair:1:   layout_regular_city
Lair:2:   dragon1_lemuel, layout_hall_layers, minmay_shoals_entry_centaurs,
          dummy_spider_entry, infiniplex_staircase_pool
Lair:3:   layout_hall_layers, lemuel_fruit_fields, grunt_megastairs_3, uniq_urug
Lair:4:   layout_loops_ring, basic_altar, worms_lemuel, serial_bayou_shore_b,
          lemuel_fruit_tree
Lair:5:   layout_hall_layers, minmay_slime_entry_oklob_open
Lair:6:   guppyfry_lair_end_dragon, layout_loops_ring, hangedman_lair_in_review,
          ebering_ghost_reflecting_pool, basic_altar,
          infiniplex_staircase_pool_2

Skill      XL: |  1  2  3  4  5  6  7  8  9 10 11 12 13 14 |
---------------+-------------------------------------------+-----
Long Blades    | 4 5 6 7 9 11 12 14 15 17 18 19 | 19.6
Armour         | 1 2 3 4 6 8 9 11 12 13 14 | 14.1
Fighting       | 3 4 5 7 8 10 11 | 11.1
Invocations    | 3 6 7 9 |  9.0
Dodging        | 5 7 9 |  9.9
Throwing       | 5 |  5.1

Action                   |  1- 3 |  4- 6 |  7- 9 | 10-12 | 13-15 || total
-------------------------+-------+-------+-------+-------+-------++-------
Melee: Long sword        |    64 |    37 |   283 |   120 |    41 ||   545
       Headbutt          |    12 |    33 |    86 |   119 |   102 ||   352
       Short sword       |       |    44 |       |       |       ||    44
       Punch             |       |       |     1 |       |     1 ||     2
       Great sword       |       |       |       |   226 |   380 ||   606
Throw: Boomerang         |       |       |     5 |       |     9 ||    14
Invok: Heroism           |       |       |     1 |    10 |     6 ||    17
       Finesse           |       |       |       |       |     1 ||     1
  Use: Scroll            |     3 |     2 |    14 |     7 |     2 ||    28
       Potion            |       |       |       |     1 |       ||     1
 Stab: Sleeping          |     1 |     4 |     6 |       |       ||    11
       Distracted        |       |       |       |     2 |     6 ||     8
       Petrified         |       |       |       |       |     5 ||     5
Armor: Leather armour    |    20 |    11 |    58 |    73 |       ||   162
       Crystal plate arm |       |       |       |    25 |   317 ||   342
Dodge: Dodged            |    54 |    32 |   173 |   190 |   149 ||   598
Block: Other             |     1 |    19 |    67 |    71 |    71 ||   229
       Reflection        |       |     2 |     2 |     5 |       ||     9
       Rpst.: Long sword |    11 |     8 |    31 |    20 |       ||    70
       Great sword       |       |       |       |    21 |    20 ||    41
